 Dungeon Crawl Stone Soup version 0.28-a0-622-gbaef9634d7 (webtiles) character file.

Game seed: 16535596499312153858

17921 KristoblXynda the Carver (level 12, 0/94 HPs)
             Began as a Demonspawn Gladiator on Oct 7, 2021.
             Was the Champion of Okawaru.
             Slain by a wraith (4 damage)
             ... led by a death knight
             ... on level 13 of the Dungeon.
             The game lasted 00:18:56 (13878 turns).

KristoblXynda the Carver (Demonspawn Gladiator)    Turns: 13878, Time: 00:18:57

Health: 0/94       AC: 20    Str: 23    XL:     12   Next: 23%
Magic:  14/16      EV: 20    Int: 13    God:    Okawaru [******]
Gold:   382        SH:  7    Dex: 19    Spells: 11/11 levels left

rFire   . . .      SeeInvis +   A - +6 demon blade (drain)
rCold   + . .      Faith    .   m - +0 buckler {AC+3}
rNeg    . . .      Spirit   .   u - +1 swamp dragon scales
rPois   +          Reflect  .   (helmet restricted)
rElec   .          Harm     .   (no cloak)
rCorr   .          Rampage  .   z - +1 pair of gloves {archery}
Will    .....                   g - +1 pair of boots
Stlth   +++.......              (no amulet)
HPRegen 0.25/turn               c - ring "Muehi" {Fly rC+ Dex+3 SInv}
MPRegen 0.15/turn               h - +6 ring of strength

@: heroic, flying
A: horns 1, thin skeletal structure 1, ignite blood 2, spiny 3
a: Renounce Religion, Heroism, Finesse, Duel


You were on level 13 of the Dungeon.
You worshipped Okawaru.
Okawaru was exalted by your worship.
You visited 2 branches of the dungeon, and saw 14 of its levels.
You visited 1 bazaar.

You collected 799 gold pieces.
You spent 417 gold pieces at shops.

Inventory:

Hand Weapons
 A - a +6 demon blade of draining (weapon)
Missiles
 d - 5 throwing nets (quivered)
Armour
 f - a +0 kite shield of fire resistance
 g - a +1 pair of boots (worn)
 m - a +0 buckler of protection (worn)
 q - the +0 helmet of Good Intentions {Slay+2}
   (You found it on level 5 of the Dungeon)

   Slay:      It affects your accuracy & damage with ranged weapons and melee
   (+2).
 u - +1 swamp dragon scales (worn)
 z - a +1 pair of gloves of archery (worn)
Jewellery
 a - a ring of wizardry
 c - the ring "Muehi" (left hand) {Fly rC+ Dex+3 SInv}
   (You took it off an orc on level 5 of the Dungeon)

   [ring of see invisible]

   Dex:       It affects your dexterity (+3).
   rC:        It protects you from cold.
   SInv:      It lets you see invisible.
   Fly:       It grants you flight.
 h - a +6 ring of strength (right hand)
 l - a +6 ring of intelligence
 o - a ring of positive energy
 p - a ring of protection from fire
 t - an amulet of magic regeneration
 w - a ring of poison resistance
 x - a ring of see invisible
Wands
 y - a wand of paralysis (6)
Scrolls
 k - a scroll of amnesia
 n - a scroll of identify
Potions
 b - a potion of mutation
 e - 2 potions of might
 i - 7 potions of haste
 j - 2 potions of brilliance
 r - a potion of curing
 s - 4 potions of resistance


   Skills:
 - Level 8.7(13.7) Fighting
 + Level 10.2(15.2) Long Blades
 - Level 2.0(7.0) Throwing
 + Level 8.5(13.5) Armour
 - Level 9.0(14.0) Dodging
 + Level 5.1(10.1) Shields
 + Level 6.5 Invocations


You had 11 spell levels left.
You didn't know any spells.
Your spell library contained the following spells:

 Spells                   Type           Power      Damage    Failure   Level
 Apportation              Tloc           0%         N/A       38%         1
 Magic Dart               Conj           0%         1d3       38%         1
 Pain                     Necr           0%         1d4       38%         1
 Sting                    Tmut/Pois      0%         1d3       38%         1
 Poisonous Vapours        Pois/Air       0%         N/A       54%         2
 Searing Ray              Conj           0%         2d4       54%         2
 Slow                     Hex            0%         N/A       54%         2
 Confusing Touch          Hex            0%         N/A       77%         3
 Vampiric Draining        Necr           0%         2d6       77%         3
 Fulminant Prism          Conj/Hex       0%         3d6       99%         4
 Olgreb's Toxic Radiance  Pois           0%         N/A       99%         4
 Agony                    Necr           0%         N/A       100%        5
 Alistair's Intoxication  Tmut/Pois      0%         N/A       100%        5
 Excruciating Wounds      Necr           0%         N/A       100%        5
 Invisibility             Hex            0%         N/A       100%        6
 Summon Small Mammal      Summ           Unusable   N/A       N/A         1
 Call Canine Familiar     Summ           Unusable   N/A       N/A         3
 Summon Guardian Golem    Hex/Summ       Unusable   N/A       N/A         3

Dungeon Overview and Level Annotations

Branches:
Dungeon (13/15)            Temple (1/1) D:6            Lair (0/6) D:10
    Orc (0/2) D:10
 Vaults: D:13-14

Altars:
Ashenzari
Cheibriados
Dithmenos
Elyvilon
Fedhas
Gozag
Hepliaklqana
Kikubaaqudgha
Makhleb
Nemelex Xobeh
Okawaru
Qazlal
Ru
Sif Muna
Trog
Uskayaw
Vehumet
Wu Jian
Xom
Yredelemnul
Zin
The Shining One

Shops:
D:3 !   D:11 *


Innate Abilities, Weirdness & Mutations

You have a pair of small horns on your head.
You have a somewhat thin skeletal structure. (Dex +2, Stealth+)
Your demonic aura often causes spilled blood to erupt in flames.
You are completely covered in sharp spines.


Message History

The death knight offers itself to Yredelemnul, and fills with unholy energy.
The death knight is struck by your spines.
You kill the death knight!
Okawaru accepts your kill.
Your damage is reflected back at you!
Your Shields skill increases to level 5!
The freezing wraith barely misses you. The freezing wraith hits you.
You turn to flesh and can move again.
You see here 22 gold pieces.
Unknown command.
You slice the freezing wraith!!
Your headbutt misses the freezing wraith.
The freezing wraith is severely damaged.
The freezing wraith hits you!
* * * LOW HITPOINT WARNING * * *
The freezing wraith freezes you! You resist.
* * * LOW HITPOINT WARNING * * *
The freezing wraith hits you but does no damage.
You feel better. The freezing wraith hits you.
* * * LOW HITPOINT WARNING * * *
The freezing wraith freezes you. You resist.
* * * LOW HITPOINT WARNING * * *
You block the freezing wraith's attack.
You feel better. The freezing wraith barely misses you.
The freezing wraith hits you but does no damage.
You gain the combat prowess of a mighty hero.
The freezing wraith completely misses you.
The freezing wraith hits you but does no damage.
You slice the freezing wraith!!
You destroy the freezing wraith!
Okawaru accepts your kill. The skeletal warrior barely misses you.
The wraith closely misses you.
Items here: ( )) [.
You slice the skeletal warrior!!
Your headbutt misses the skeletal warrior.
The skeletal warrior is heavily damaged.
The skeletal warrior hits you with a +0 dire flail!!
* * * LOW HITPOINT WARNING * * *
The wraith hits you.
You die...

#..# #..# W
#..#####...# l.
#......)...#
#H.#######..###.###..#
.z......)##..##
......##..##
###.####..##
#.Wz).#..## #.#@#.#.##
#$##o.# #)#.#.#
#...).#.c. ###.####..#
.... #... .#### #.## .
##


You could see a skeletal warrior and a wraith.

Vanquished Creatures
  Nessos (D:12)
  2 boulder beetles
  A two-headed ogre (D:12)
  3 centaur warriors
  A death knight (D:13)
  2 cyclopes
  A deep elf pyromancer (D:12)
  A manticore (D:12)
  A gargoyle (D:12)
  Psyche (D:12)
  Maggie (D:7)
  A kobold demonologist (D:13)
  2 freezing wraiths (D:13)
  5 trolls
  2 polar bears (D:9)
  7 slime creatures (D:12)
  2 hornets (D:8)
  13 yaks
  A wraith (D:11)
  A basilisk (D:13)
  4 vampire mosquitoes (D:11)
  4 black bears
  4 sky beasts
  3 orc warriors
  3 ice beasts
  An ogre (D:5)
  2 necrophages
  2 wolves (D:9)
  2 kobold brigands
  Blork the orc (D:5)
  A phantom (D:4)
  3 bullfrogs
  4 scorpions
  A wyvern zombie (D:7)
  2 gnoll sergeants
  A water moccasin zombie (D:5)
  A water moccasin skeleton (D:6)
  An electric eel (D:9)
  2 howler monkeys
  4 centaur zombies
  2 jellies
  2 bullfrog zombies
  3 gnoll shamans
  A centaur skeleton (D:5)
  5 orc priests
  2 hounds (D:5)
  A bullfrog skeleton (D:7)
  9 orc wizards
  6 iguanas
  A killer bee zombie (D:9)
  2 centaur simulacra (D:9)
  2 hound skeletons (D:4)
  2 howler monkey zombies
  20 gnolls
  4 adders
  3 shadow imps
  6 white imps
  A howler monkey simulacrum (D:9)
  An ufetubus (D:4)
  3 dart slugs
  57 orcs
  4 endoplasms
  2 giant cockroaches (D:1)
  9 goblins
  2 hobgoblins (D:3)
  2 jackals (D:4)
  A quokka (D:4)
  5 ball pythons
  2 bats (D:1)
  2 frilled lizards
  16 kobolds
  4 rats
277 creatures vanquished.

Vanquished Creatures (others)
  21 fungi (D:10)
  14 plants (D:10)
35 creatures vanquished.

Grand Total: 312 creatures vanquished

Notes
Turn   | Place    | Note
-------+----------+-------------------------------------------
     0 | D:1      | KristoblXynda the Demonspawn Gladiator began the quest for
                  | the Orb.
     0 | D:1      | Reached XP level 1. HP: 16/16 MP: 1/1
   720 | D:1      | Gained mutation: Your demonic aura sometimes causes spilled
                  | blood to erupt in flames. [demonic ancestry]
   720 | D:1      | Reached XP level 2. HP: 22/22 MP: 2/2
  1035 | D:2      | Reached skill level 3 in Long Blades
  1122 | D:2      | Reached XP level 3. HP: 28/28 MP: 3/3
  1175 | D:2      | Found an ornate altar of the Wu Jian Council.
  1380 | D:3      | Found Naiforgh's Distillery.
  1627 | D:3      | Gained mutation: You are partially covered in sharp spines.
                  | [demonic ancestry]
  1627 | D:3      | Reached XP level 4. HP: 34/34 MP: 4/4
  1968 | D:3      | Found a faded altar of an unknown god.
  2618 | D:4      | Noticed a necrophage
  2629 | D:4      | Killed a necrophage
  2630 | D:4      | Reached skill level 4 in Long Blades
  2630 | D:4      | Reached XP level 5. HP: 31/41 MP: 5/5
  2744 | D:4      | Noticed a phantom
  2760 | D:4      | Killed a phantom
  2761 | D:4      | Reached XP level 6. HP: 5/47 MP: 6/6
  3164 | D:4      | Reached skill level 1 in Shields
  3686 | D:4      | Reached skill level 5 in Long Blades
  3880 | D:5      | Entered Level 5 of the Dungeon
  3887 | D:5      | Noticed a sky beast
  3910 | D:5      | Killed a sky beast
  3916 | D:5      | Reached skill level 1 in Armour
  3916 | D:5      | Gained mutation: You have a somewhat thin skeletal
                  | structure. (Dex +2, Stealth+) [demonic ancestry]
  3916 | D:5      | Reached XP level 7. HP: 36/52 MP: 7/7
  4119 | D:5      | Identified the +0 helmet of Good Intentions {Slay+2}
  4345 | D:5      | Reached skill level 6 in Long Blades
  4348 | D:5      | Noticed Blork the orc
  4358 | D:5      | Killed Blork the orc
  4474 | D:5      | Identified the ring "Muehi" {Fly rC+ Dex+3 SInv}
  4500 | D:5      | Reached XP level 8. HP: 57/58 MP: 8/8
  4626 | D:5      | Reached skill level 5 in Dodging
  5595 | D:6      | Identified the +1 quarterstaff "Irao" {venom, rElec}
  5662 | D:6      | Found a staircase to the Ecumenical Temple.
  5694 | Temple   | Entered the Ecumenical Temple
  5874 | Temple   | Became a worshipper of Warmaster Okawaru
  5934 | D:6      | Noticed a cyclops
  5950 | D:6      | Killed a cyclops
  5950 | D:6      | Reached * piety under Okawaru
  5951 | D:6      | Reached skill level 7 in Long Blades
  5951 | D:6      | Gained mutation: Your demonic aura often causes spilled
                  | blood to erupt in flames. [demonic ancestry]
  5951 | D:6      | Reached XP level 9. HP: 28/65 MP: 9/9
  6679 | D:7      | Found a burning altar of Makhleb.
  6679 | D:7      | Found a radiant altar of Vehumet.
  6681 | D:7      | Found a snail-covered altar of Cheibriados.
  6681 | D:7      | Found an opulent altar of Gozag.
  7051 | D:7      | Found a sacrificial altar of Ru.
  7052 | D:7      | Found an ancient bone altar of Kikubaaqudgha.
  7278 | D:7      | Reached skill level 5 in Fighting
  7278 | D:7      | Reached skill level 5 in Armour
  7278 | D:7      | Noticed Maggie
  7287 | D:7      | Killed Maggie
  7287 | D:7      | Reached ** piety under Okawaru
  8028 | D:8      | Reached *** piety under Okawaru
  8029 | D:8      | Reached skill level 8 in Long Blades
  8029 | D:8      | Gained mutation: You have a pair of small horns on your
                  | head. [demonic ancestry]
  8029 | D:8      | Reached XP level 10. HP: 70/76 MP: 10/10
  8255 | D:8      | Noticed a four-headed hydra
  8255 | D:8      | Noticed a gargoyle
  8256 | D:8      | Noticed a red ugly thing
  9334 | D:9      | Found a sparkling altar of Nemelex Xobeh.
  9355 | D:9      | Reached **** piety under Okawaru
  9913 | D:9      | Noticed a centaur warrior
  9921 | D:9      | Killed a centaur warrior
 10279 | D:10     | Entered Level 10 of the Dungeon
 10292 | D:10     | Reached skill level 9 in Long Blades
 10636 | D:10     | Reached ***** piety under Okawaru
 10640 | D:10     | Gained mutation: You are mostly covered in sharp spines.
                  | [demonic ancestry]
 10640 | D:10     | Reached XP level 11. HP: 84/84 MP: 11/11
 10644 | D:10     | Found a staircase to the Lair.
 10667 | D:10     | Reached skill level 1 in Invocations
 10684 | D:10     | Noticed a boulder beetle
 10712 | D:10     | Killed a boulder beetle
 10946 | D:10     | Found a staircase to the Orcish Mines.
 11569 | D:11     | Found Ukoavug's General Store.
 11579 | D:11     | Noticed a four-headed hydra
 11601 | D:11     | HP: 3/85 [four-headed hydra (3)]
 11601 | D:11     | HP: 1/85 [four-headed hydra (2)]
 12010 | D:11     | Bought a potion of mutation for 128 gold pieces
 12010 | D:11     | Bought a +0 kite shield of fire resistance for 184 gold
                  | pieces
 12107 | D:12     | Found a flickering gateway to a bazaar.
 12120 | Bazaar   | Entered a bazaar
 12120 | Bazaar   | Found Qoef's Antique Weapon Shop.
 12120 | Bazaar   | Found Miwul's Jewellery Shop.
 12155 | Bazaar   | Found Ituveet's Magic Scroll Boutique.
 12155 | Bazaar   | Found Qoclymo's General Store.
 12174 | Bazaar   | Found Zast's Antique Armour Emporium.
 12182 | Bazaar   | Bought a pair of embroidered gloves for 105 gold pieces
 12202 | D:12     | Noticed a deep elf pyromancer
 12212 | D:12     | Killed a deep elf pyromancer
 12386 | D:12     | Received a gift from Okawaru
 12513 | D:12     | Noticed a two-headed ogre
 12527 | D:12     | Killed a two-headed ogre
 12553 | D:12     | Noticed Psyche
 12574 | D:12     | Killed Psyche
 12838 | D:12     | Reached skill level 5 in Invocations
 13080 | D:12     | Noticed Nessos
 13087 | D:12     | Killed Nessos
 13087 | D:12     | Reached ****** piety under Okawaru
 13351 | D:12     | Noticed a centaur warrior
 13356 | D:12     | Noticed a boulder beetle
 13359 | D:12     | Killed a centaur warrior
 13360 | D:12     | Gained mutation: You are completely covered in sharp
                  | spines. [demonic ancestry]
 13360 | D:12     | Reached XP level 12. HP: 80/94 MP: 16/16
 13377 | D:12     | Killed a boulder beetle
 13378 | D:12     | Reached skill level 10 in Long Blades
 13842 | D:13     | Noticed a centaur warrior
 13843 | D:13     | Noticed a death knight
 13855 | D:13     | Received a gift from Okawaru
 13858 | D:13     | Killed a centaur warrior
 13868 | D:13     | Killed a death knight
 13869 | D:13     | Reached skill level 5 in Shields
 13878 | D:13     | HP: 4/94 [skeletal warrior[a death knight] (19)]
 13878 | D:13     | Slain by a wraith

Illustrated notes

Levels and vault maps discovered:
D:1:      saegor_arrival_simple_b, layout_loops_corners
D:2:      layout_rooms, basic_altar
D:3:      layout_basic, hellmonk_ecumenical_altar_crossroads, serial_shops, shop
D:4:      layout_gridville
D:5:      layout_loops_ring, uniq_blork_the_orc
D:6:      layout_rooms, temple_pool_b
D:7:      layout_basic, grunt_temple_overflow_open, uniq_maggie
D:8:      layout_cave_pools, hangedman_decor_slide_cut, amethyst_killhole,
          minivault_12
D:9:      layout_loops_ring, kennysheep_mini_moat, serial_ice, serial_ice_o,
          serial_ice_j, serial_ice_f, serial_ice_b, serial_ice_m
D:10:     layout_loops_ring, grunt_lair_entry_orc_guard_hut, hiddenorc2_lemuel
D:11:     layout_cross, serial_shops, nicolae_shop_trees
D:12:     layout_irregular_city, serial_shops, bzr_entry_customers, uniq_nessos,
          uniq_psyche
D:13:     minmay_the_grid_octo_tiled_octocenter [minmay_the_grid_octo_shrine,
          minmay_the_grid_octo_77, minmay_the_grid_octo_pinwheel,
          minmay_the_grid_octo_vomiting_pacman,
          minmay_the_grid_octo_prize_big_c,
          minmay_the_grid_square_5x5_bracketed,
          minmay_the_grid_square_5x5_shuriken,
          minmay_the_grid_square_5x5_moneybag,
          minmay_the_grid_square_5x5_seven], layout_small_grid,
          ximxim_vaults_locker_room
Temple:   eino_narrow_crystal_temple

Skill      XL: |  1  2  3  4  5  6  7  8  9 10 11 12 |
---------------+-------------------------------------+-----
Throwing       | 2 |  2.0
Long Blades    | 3 4 5 6 7 8 9 10 | 10.2
Dodging        | 3 4 6 7 8 9 |  9.0
Fighting       | 3 4 5 7 8 |  8.7
Shields        | 2 4 5 |  5.1
Armour         | 1 2 4 5 7 8 |  8.5
Invocations    | 5 6 |  6.5

Action                   |  1- 3 |  4- 6 |  7- 9 | 10-12 || total
-------------------------+-------+-------+-------+-------++-------
Melee: Long sword        |    64 |    92 |   256 |   238 ||   650
       Headbutt          |       |       |       |    91 ||    91
       Demon blade       |       |       |       |    66 ||    66
       Unarmed           |       |       |       |    10 ||    10
Invok: Heroism           |       |       |       |     1 ||     1
  Use: Scroll            |       |     1 |    14 |    12 ||    27
       Potion            |       |       |     2 |     4 ||     6
 Stab: Sleeping          |     2 |       |     3 |     3 ||     8
       Distracted        |       |       |     2 |       ||     2
Armor: Leather armour    |    15 |       |       |       ||    15
       Ring mail         |     7 |    34 |    80 |       ||   121
       Swamp dragon scal |       |       |    10 |    86 ||    96
Dodge: Dodged            |    36 |    44 |   190 |   232 ||   502
Block: Buckler           |       |     5 |    70 |   106 ||   181

Table legend: (Time is in decaauts)
 A = Elapsed time spent in this place.
 B = Non-inter-level travel time spent in this place.
 C = Inter-level travel time spent in this place.
 D = Time resting spent in this place.
 E = Time spent auto-exploring this place.
 F = Levels seen in this place.
 G = Mean time per level.
                   A        B        C        D        E       F      G
               +--------+--------+--------+--------+--------+-----+--------+
         Total |  13903 |  13585 |    318 |   3884 |   7628 |  15 |  926.9 |
       Dungeon |  13641 |  13342 |    299 |   3884 |   7415 |  13 | 1049.3 |
        Temple |    189 |    170 |     19 |      0 |    154 |   1 |  189.0 |
        Bazaar |     71 |     71 |      0 |      0 |     59 |   1 |   71.0 |
               +--------+--------+--------+--------+--------+-----+--------+

Top non-repeatable levels by time:
    D:12: 1627 daAuts
     D:9: 1609 daAuts
     D:4: 1530 daAuts
     D:7: 1521 daAuts
     D:6: 1169 daAuts
    D:10: 1124 daAuts
     D:5: 1101 daAuts
     D:1: 1011 daAuts
     D:3: 991 daAuts
     D:8: 833 daAuts
    D:11: 689 daAuts
     D:2: 375 daAuts
  Temple: 189 daAuts
  Bazaar: 71 daAuts
    D:13: 57 daAuts
